 Dungeon Crawl Stone Soup version 0.31-a0-267-g3fc6992b3b (webtiles) character file.

Game seed: 5877399715544122381

132 qw the Shooter (level 4, 0/37 HPs)
             Began as a Minotaur Hexslinger on July 13, 2023.
             Slain by a gnoll sergeant
             ... wielding a +0 spear of freezing
              (1 damage)
             ... on level 5 of the Dungeon.
             The game lasted 00:01:06 (3466 turns).

qw the Shooter (Minotaur Hexslinger)                Turns: 3466, Time: 00:01:06

Health: 0/37       AC:  6    Str: 13    XL:     4   Next: 92%
Magic:  4/4        EV: 10    Int: 10    God:
Gold:   204        SH:  0    Dex: 12    Spells: 4/5 levels left

rFire   . . .        d - +1 sling (heavy)
rCold   . . .        (no shield)
rNeg    . . .        b - +0 ring mail
rPois   +            (helmet unavailable)
rElec   .            (no cloak)
rCorr   .            f - +0 pair of gloves
SInv    .            (no boots)
Will    +....        a - amulet "Connaost" {Acrobat Will+}
Stlth   +            (no ring)
HPRegen 0.26/turn    (no ring)
MPRegen 0.09/turn

%: acrobat
@: no status effects
A: horns 3, retaliatory headbutt, clumsy 1, poison resistance
a: no special abilities


You were on level 5 of the Dungeon.
You visited 1 branch of the dungeon, and saw 5 of its levels.

You collected 204 gold pieces.


Innate Abilities, Weirdness & Mutations

You have a pair of large horns on your head.
You reflexively headbutt those who attack you in melee.
You are clumsy. (Dex -2)
Your system is resistant to poisons. (rPois)


   Skills:
 + Level 2.7 Fighting
 - Level 5.0 Ranged Weapons
 - Level 1.0 Armour
 - Level 2.1 Dodging
 - Level 1.0 Spellcasting
 - Level 2.0 Hexes


You had 4 spell levels left.
You knew the following spells:

 Your Spells              Type           Power      Damage    Failure   Level
a - Slow                  Hex            16%        N/A       32%         1

Your spell library contained the following spells:

 Spells                   Type           Power      Damage    Failure   Level
 Inner Flame              Hex/Fire       2%         N/A       82%         3
 Portal Projectile        Hex/Tloc       4%         N/A       82%         3
 Cause Fear               Hex            2%         N/A       97%         4

Inventory:

Hand Weapons
 d - a +1 heavy sling (weapon)
Armour
 b - a +0 ring mail (worn)
 f - a +0 pair of gloves (worn)
Jewellery
 a - the amulet "Connaost" (around neck) {Acrobat Will+}
   (You acquired it on level 1 of the Dungeon)

   [amulet of the acrobat]

   It increases your evasion while moving and waiting.
   Will:      It increases your willpower.
Scrolls
 j - a scroll of identify
 k - a scroll of brand weapon
Potions
 e - a potion of mutation
 h - a potion of magic {unknown}
 l - a potion of degeneration {unknown}

Dungeon Overview and Level Annotations

Branches:
Dungeon (5/15)
 Temple: D:4-7

Altars:
Hepliaklqana
Sif Muna
Trog
Uskayaw
Yredelemnul


Message History

The gnoll sergeant freezes you.
3431 ||| STAIRDANCE The gnoll closely misses you.
The gnoll sergeant completely misses you.
You climb upwards.
There is a stone staircase leading down, spattered with blood here.
You start resting.
HP restored.
Done exploring.
(D) Dungeon
Where to? (* - list waypoints, Enter - D:5, ? - help)
What level of the Dungeon? (default 1, ? - help)
You climb downwards.
There is a stone staircase leading up, spattered with blood here.
There are monsters nearby!
You shoot a sling bullet.
The sling bullet closely misses the gnoll.
The gnoll closely misses you.
The gnoll hits you from afar with a +0 spear.
You shoot a sling bullet.
The sling bullet closely misses the gnoll.
The gnoll closely misses you. The gnoll hits you but does no damage.
You shoot a sling bullet. The sling bullet hits the gnoll.
The gnoll is severely wounded.
The gnoll hits you from afar with a +0 spear.
The gnoll hits you but does no damage.
The gnoll sergeant hits you but does no damage.
You shoot a sling bullet.
The sling bullet closely misses the gnoll.
The gnoll barely misses you.
The gnoll sergeant hits you from afar with a +0 spear of freezing.
The gnoll sergeant freezes you.
The gnoll hits you from afar with a +0 spear.
The gnoll sergeant hits you from afar with a +0 spear of freezing!
The gnoll sergeant freezes you.
3466 ||| STAIRDANCE The gnoll barely misses you.
The gnoll sergeant hits you from afar with a +0 spear of freezing!
The gnoll sergeant freezes you.
You die...

### ##..#
##.... ....g
##..## #...@#
#.......)......
######.g.......
##!.###... #...
.. #.... #....
#....#


You could see a gnoll sergeant and a gnoll.

Vanquished Creatures
  3 gnolls
  3 adders
  An ufetubus (D:4)
  A worm (D:2)
  2 dart slugs
  5 bats
  6 endoplasms
  A giant cockroach (D:1)
  7 goblins
  6 hobgoblins (D:1)
  4 quokkas
  2 ball pythons (D:1)
  4 frilled lizards
  12 kobolds
  5 rats
62 creatures vanquished.

Vanquished Creatures (others)
  A wizard (D:4)
1 creature vanquished.

Grand Total: 63 creatures vanquished

Notes
Turn   | Place    | Note
-------+----------+-------------------------------------------
     0 | D:1      | qw the Minotaur Hexslinger began the quest for the Orb.
     0 | D:1      | Reached XP level 1. HP: 16/16 MP: 1/1
     0 | D:1      | 0 ||| qw: Version: 0.3-a-52-g30416fa
     0 | D:1      | 0 ||| qw: Game counter: 7675
     0 | D:1      | 0 ||| qw: Melee chars always use a shield: true
     0 | D:1      | 0 ||| qw: God list: Okawaru
     0 | D:1      | 0 ||| qw: Allow faded altars: false
     0 | D:1      | 0 ||| qw: Do Orc after clearing Dungeon:15 true
     0 | D:1      | 0 ||| qw: Do second Lair branch before Depths: true
     0 | D:1      | 0 ||| qw: Lair rune preference: random
     0 | D:1      | 0 ||| qw: Goals: Normal
     0 | D:1      | 0 ||| PLANNING D:1-11
   110 | D:1      | Reached skill level 3 in Ranged Weapons
   120 | D:1      | Reached XP level 2. HP: 23/23 MP: 2/2
   399 | D:1      | Reached XP level 3. HP: 28/29 MP: 3/3
   719 | D:1      | 719 ||| READING scroll labelled UXOTHI MIEMU.
   720 | D:1      | 720 ||| READING scroll labelled GAUHIMA WUTEKI.
   721 | D:1      | 721 ||| READING scroll labelled YLOSACI EZXA.
   721 | D:1      | Identified a scroll of acquirement
   721 | D:1      | 721 ||| ACQUIRING amulet "Connaost" {Acrobat Will+}
   721 | D:1      | Acquired the amulet "Connaost" {Acrobat Will+}
   723 | D:1      | 723 ||| UPGRADING to amulet "Connaost" {Acrobat Will+}.
   728 | D:1      | 728 ||| DROPPING scroll of poison.
   774 | D:2      | 774 ||| STAIRDANCE
   809 | D:2      | Reached skill level 4 in Ranged Weapons
   814 | D:2      | Identified the +2 trident "Retiyr" {pain, Fly Int+3}
  1186 | D:2      | 1186 ||| UPGRADING to +0 pair of gloves.
  1191 | D:2      | 1191 ||| UPGRADING to +0 leather armour.
  1201 | D:2      | 1201 ||| DROPPING +0 robe.
  1202 | D:2      | 1202 ||| READING scroll labelled MAFANA LOL JESH.
  1203 | D:2      | 1203 ||| READING scroll labelled QELIL JOBAEL.
  1204 | D:2      | 1204 ||| READING scroll labelled PEEVVO FUUNECE.
  1554 | D:3      | Reached XP level 4. HP: 28/36 MP: 4/4
  1903 | D:3      | Found a hazy altar of Hepliaklqana.
  1907 | D:3      | Found a basalt altar of Yredelemnul.
  1912 | D:3      | Found a shimmering blue altar of Sif Muna.
  2076 | D:3      | 2076 ||| UPGRADING to +0 ring mail.
  2086 | D:3      | 2086 ||| DROPPING +0 leather armour.
  2087 | D:3      | 2087 ||| READING scroll labelled ICEPSE AS AFO.
  2088 | D:3      | 2088 ||| DRINKING 3 coppery potions.
  2089 | D:3      | 2089 ||| DROPPING 2 potions of attraction.
  2111 | D:4      | Found a hide-covered altar of Uskayaw.
  2116 | D:4      | Reached skill level 1 in Armour
  2641 | D:4      | Found a bloodstained altar of Trog.
  2642 | D:4      | Noticed a wizard
  2647 | D:4      | Killed a wizard
  2651 | D:4      | 2651 ||| READING scroll labelled TYTONW DASHUK.
  2652 | D:4      | 2652 ||| READING scroll labelled JEOS BAUMN.
  2753 | D:4      | 2753 ||| READING scroll labelled ECUEMU WIETTEO.
  2754 | D:4      | 2754 ||| DRINKING 3 emerald potions.
  2755 | D:4      | 2755 ||| DRINKING 2 orange potions.
  2755 | D:4      | Gained mutation: Your system is resistant to poisons.
                  | (rPois) [potion of mutation]
  2755 | D:4      | Gained mutation: You are clumsy. (Dex -2) [potion of
                  | mutation]
  2755 | D:4      | Gained mutation: You have a pair of large horns on your
                  | head. [potion of mutation]
  2756 | D:4      | 2756 ||| DROPPING 2 potions of invisibility.
  2782 | D:5      | Entered Level 5 of the Dungeon
  2782 | D:5      | Noticed a gnoll sergeant
  2784 | D:5      | Reached skill level 5 in Ranged Weapons
  2785 | D:5      | 2785 ||| STAIRDANCE
  2815 | D:5      | 2815 ||| STAIRDANCE
  2815 | D:5      | HP: 5/36 [gnoll/+0 spear[a gnoll sergeant] (8)]
  2939 | D:5      | 2939 ||| STAIRDANCE
  2955 | D:5      | 2955 ||| STAIRDANCE
  3008 | D:5      | 3008 ||| STAIRDANCE
  3024 | D:5      | 3024 ||| STAIRDANCE
  3116 | D:5      | 3116 ||| STAIRDANCE
  3180 | D:5      | 3180 ||| STAIRDANCE
  3275 | D:5      | 3275 ||| STAIRDANCE
  3300 | D:5      | 3300 ||| STAIRDANCE
  3359 | D:5      | 3359 ||| STAIRDANCE
  3384 | D:5      | 3384 ||| STAIRDANCE
  3431 | D:5      | 3431 ||| STAIRDANCE
  3466 | D:5      | 3466 ||| STAIRDANCE
  3466 | D:5      | HP: 1/37 [gnoll sergeant/+0 spear of freezing (11)]
  3466 | D:5      | Slain by a gnoll sergeant

Levels and vault maps discovered:
D:1:      dpeg_arrival_morbid_curiosity, layout_basic,
          minmay_misc_feat_ornament, hangedman_decor_growths,
          corexii_item_surrounded_by_moat
D:2:      minmay_kobold_bridge, layout_rooms
D:3:      layout_loops_corners, minmay_overflow_temple_star_quad
D:4:      layout_loops_ring, nicolae_uskayaw_murder_on_the_dancefloor,
          trog_wizard, nicolae_the_louvre
D:5:      layout_layer_cave, lemuel_round_altar, minivault_24,
          uniq_prince_ribbit1, uniq_duvessa

Skill      XL: |  1  2  3  4 |
---------------+-------------+-----
Ranged Weapons | 3 4 5 |  5.0
Fighting       | 2 |  2.7
Armour         | 1 |  1.0
Dodging        | |  2.1
Spellcasting   | |  1.0
Hexes          | |  2.0

Action                     |  1- 3 |  4- 6 || total
---------------------------+-------+-------++-------
   Fire: Sling             |   137 |    40 ||   177
    Use: Scroll            |     6 |     4 ||    10
         Potion            |       |     3 ||     3
 Armour: Robe              |     8 |       ||     8
         Leather armour    |     3 |     3 ||     6
         Ring mail         |       |    16 ||    16
  Dodge: Dodged            |    48 |    43 ||    91

Table legend:
 A = Non-vault XP
 B = Vault XP
 C = Vault XP percentage of total XP
 D = Non-vault monster count
 E = Vault monster count
 F = Vault count percentage of total count
                 A         B        C        D         E       F
            +---------+---------+-------+---------+---------+-------
      Total |     174 |      15 |   7.9 |      52 |      10 |  16.1
            +---------+---------+-------+---------+---------+-------
        D:1 |      46 |       9 |  16.4 |      26 |       5 |  16.1
        D:2 |      25 |       6 |  19.4 |      12 |       5 |  29.4
        D:3 |      36 |       0 |   0.0 |       8 |       0 |   0.0
        D:4 |      53 |       0 |   0.0 |       5 |       0 |   0.0
        D:5 |      14 |       0 |   0.0 |       1 |       0 |   0.0
            +---------+---------+-------+---------+---------+-------
